 Dungeon Crawl Stone Soup version 0.31-a0-237-g2d982f9f85 (webtiles) character file.

Game seed: 580214676899478096

24965 rabbitsville the Fighter (level 13, -10/125 HPs)
             Began as a Hill Orc Fighter on July 12, 2023.
             Was a Plaything of Xom.
             Mangled by a redback (11 damage)
             ... on level 3 of the Lair of Beasts.
             The game lasted 00:29:26 (13574 turns).

rabbitsville the Fighter (Hill Orc Fighter)        Turns: 13574, Time: 00:29:27

Health: -10/125    AC: 12    Str: 21 (22) XL:     13   Next: 16%
Magic:  13/13      EV:  4    Int:  6      God:    Xom [*.....]
Gold:   1028       SH:  0    Dex:  8      Spells: 12/12 levels left

rFire   + + .        z - +9 flail of Mana {heavy, rF+ Str-2 Stlth+}
rCold   . . .        c - +0 buckler
rNeg    . . .        L - +0 plate armour
rPois   +            (no helmet)
rElec   +            s - +2 cloak {Will+}
rCorr   .            j - +0 pair of gloves
SInv    .            O - +0 pair of boots
Will    ++...        (no amulet) Stlth
                     k - ring of poison resistance
HPRegen 0.40/turn    P - ring of willpower
MPRegen 0.13/turn

%: clarity
@: brilliant, attractive, held
A: clarity, clumsy 1, deformed body, dopey 1, fire resistance 1, shaggy fur 1,
electricity resistance, evolution 2
a: Renounce Religion


You were on level 3 of the Lair of Beasts.
You worshipped Xom.
You were a special plaything of Xom.
You visited 3 branches of the dungeon, and saw 15 of its levels.

You collected 1028 gold pieces.

Inventory:

Hand Weapons
 a - a +0 flail
 z - the +9 flail of Mana (weapon) {heavy, rF+ Str-2 Stlth+}
   (You found it on level 3 of the Dungeon)

   Str:       It affects your strength (-2).
   rF:        It protects you from fire.
   Stlth:     It makes you more stealthy.
Missiles
 o - 15 poisoned darts
 C - 2 boomerangs of dispersal
 F - 11 boomerangs
 K - 9 javelins
Armour
 b - a +0 scale mail
 c - a +0 buckler (worn)
 j - a +0 pair of gloves (worn)
 s - a +2 cloak of willpower (worn)
 G - the +2 cloak of the Devil {Rampage rElec rC-}
   (Xom gifted it to you on level 5 of the Dungeon)

   rC:        It makes you vulnerable to cold.
   rElec:     It insulates you from electricity.
   Rampage:   It bestows one free step when moving towards enemies.
 L - a +0 plate armour (worn)
 O - a +0 pair of boots (worn)
 T - a +0 helmet
Jewellery
 k - a ring of poison resistance (left hand)
 N - a ring of fire
 P - a ring of willpower (right hand)
 S - an amulet of magic regeneration
 W - a +6 ring of intelligence
Wands
 v - a wand of flame (14)
 A - a wand of charming (31)
 I - a wand of iceblast (14)
 U - a wand of mindburst (7)
Scrolls
 e - 3 scrolls of vulnerability
 f - 2 scrolls of immolation {unknown}
 l - 2 scrolls of poison {unknown}
 m - 8 scrolls of identify
 n - 3 scrolls of noise
 w - 2 scrolls of enchant weapon {unknown}
 x - 3 scrolls of enchant armour {unknown}
 y - a scroll of fear {unknown}
 H - 2 scrolls of blinking {unknown}
 J - 2 scrolls of amnesia {unknown}
 M - a scroll of fog {unknown}
 R - 2 scrolls of revelation {unknown}
 V - a scroll of silence {unknown}
Potions
 d - 2 potions of might
 p - a potion of attraction
 q - 3 potions of degeneration
 r - a potion of haste {unknown}
 t - 2 potions of enlightenment {unknown}
 u - a potion of berserk rage {unknown}
 B - 2 potions of brilliance
 D - 2 potions of lignification {unknown}
 E - a potion of invisibility {unknown}
Miscellaneous
 Q - a sack of spiders


   Skills:
 * Level 14.6 Fighting
 * Level 13.1 Maces & Flails
 - Level 3.2 Armour
 - Level 10.4 Dodging
 + Level 9.9 Shields


You had 12 spell levels left.
You didn't know any spells.
Your spell library contained the following spells:

 Spells                   Type           Power      Damage    Failure   Level
 Portal Projectile        Hex/Tloc       0%         N/A       100%        3
 Tukima's Dance           Hex            0%         N/A       100%        3
 Blade Hands              Tmut           0%         N/A       100%        5


Dungeon Overview and Level Annotations

Branches:
Dungeon (11/15)            Temple (1/1) D:4            Lair (3/5) D:10
 Spider (0/4) Lair:3
  Swamp: Lair:2-3    Shoals: Lair:2-3       Orc: D:9-12

Altars:
Ashenzari
Cheibriados
Dithmenos
Elyvilon
Fedhas
Gozag
Hepliaklqana
Kikubaaqudgha
Makhleb
Nemelex Xobeh
Okawaru
Ru
Sif Muna
Trog
Uskayaw
Vehumet
Wu Jian
Xom
Yredelemnul
Zin
The Shining One

Annotations:
D:3 2 transporters


Innate Abilities, Weirdness & Mutations

You possess an exceptional clarity of mind.
You are clumsy. (Dex -2)
Armour fits poorly on your strangely shaped body.
You are dopey. (Int -2)
Your flesh is heat resistant. (rF+)
You are covered in fur. (AC +1)
You are resistant to electric shocks. (rElec)
You have great hidden genetic potential.


Message History

As you read the scroll labelled XAISKE XEGHEBB, it crumbles to dust.
It is a scroll of identify.
e - 3 scrolls of vulnerability "Hum-dee-hum-dee-hum..."
The redback seems to speed up.
The redback barely misses you.
The jumping spider leaps!
The redback bites you!
* * * LOW HITPOINT WARNING * * *
The redback bites you but does no damage.
You feel better. The redback barely misses you. The redback bites you.
* * * LOW HITPOINT WARNING * * *
You feel better. The redback bites you.
* * * LOW HITPOINT WARNING * * *
The redback bites you!
* * * LOW HITPOINT WARNING * * *
The jumping spider leaps!
Press: ? - help, v - describe, . - travel
Here: a redback (almost dead, fast)
The floor.
It was a potion of brilliance.
You feel clever all of a sudden. The redback bites you.
* * * LOW HITPOINT WARNING * * *
The redback bites you.
* * * LOW HITPOINT WARNING * * *
It was a potion of attraction.
You feel attractive to monsters. The redback bites you.
* * * LOW HITPOINT WARNING * * *
The redback bites you.
* * * LOW HITPOINT WARNING * * *
The jumping spider leaps!
The redback bites you but does no damage.
The redback is attracted toward you.
The jumping spider is attracted toward you. x2
It was a potion of mutation.
You feel extremely strange.
Your talons dull and shrink into feet.
You regain control of your magic.
You feel clumsy.
Your hidden genetic potential grows.
You feel stupid. The redback bites you!
You die...
Xom cackles wildly!

#.....## ##.........#
.......###
#.........(.
.........###
#...........
...#P<...##^#
#........>..
.........# #^#
#...........
.........# #.#
#...........
.........#. #.##
###...........
.......####.
##s###^##...........
.......# #.#..@#.#
#.......###. .......#
#..>s.# #.......# P.
.......# ##.†s##
.#.......
......########≈≈≈####
......#.##...s..§○..#
................§...#
.................:...#
...........§........##
....##...............


You could see 2 jumping spiders and 2 redbacks.

Vanquished Creatures
  3 centaur warriors
  A two-headed ogre (D:9)
  5 death yaks (Lair:1)
  A bog body (Lair:3)
  A manticore (D:11)
  A cyclops (D:11)
  3 elephants (Lair:3)
  Maurice (D:8)
  Joseph (D:8)
  A black mamba (Lair:1)
  3 cane toads
  An unseen horror (D:11)
  A rime drake (Lair:1)
  A gargoyle (D:10)
  A kobold demonologist (D:11)
  3 komodo dragons
  2 hornets
  3 polar bears
  Prince Ribbit (D:6)
  Sigmund (D:6)
  2 culicivoras (Lair:3)
  A shadow (D:11)
  A vampire (D:10)
  4 basilisks
  Eustachio (D:4)
  13 yaks
  3 wyverns
  3 steam dragons
  3 wraiths
  Grum (D:8)
  A redback (Lair:3)
  A swamp worm (Lair:3)
  Edmund (D:5)
  7 water moccasins
  2 orc warriors
  A black bear (Lair:1)
  14 wolves
  5 centaurs
  A kobold brigand (D:8)
  2 gnoll sergeants
  7 bullfrogs
  A scorpion (D:4)
  5 wights (D:10)
  18 killer bees
  6 howler monkeys
  2 hounds (D:5)
  3 jellies
  A gnoll bouda (D:7)
  6 orc priests
  Crazy Yiuf (D:2)
  6 iguanas
  Jessica (D:2)
  3 sleepcaps
  Ijyb (D:3)
  Terence (D:2)
  10 orc wizards
  Robin (D:4)
  17 gnolls
  8 adders
  2 shadow imps
  2 white imps
  An ufetubus (D:2)
  A worm (D:2)
  6 dart slugs
  29 orcs
  3 endoplasms
  5 giant cockroaches
  5 hobgoblins
  4 jackals (D:4)
  6 quokkas
  4 ball pythons
  5 bats
  5 frilled lizards
  13 goblins
  9 kobolds
  6 rats
306 creatures vanquished.

Vanquished Creatures (collateral kills)
  A two-headed ogre (D:9)
1 creature vanquished.

Vanquished Creatures (others)
  A dancing weapon (D:9)
  A yak (D:9)
2 creatures vanquished.

Grand Total: 309 creatures vanquished

Notes
Turn   | Place    | Note
-------+----------+-------------------------------------------
     0 | D:1      | rabbitsville the Hill Orc Fighter began the quest for the
                  | Orb.
     0 | D:1      | Reached XP level 1. HP: 19/19 MP: 1/1
   139 | D:1      | Reached XP level 2. HP: 16/27 MP: 2/2
   246 | D:1      | Reached skill level 4 in Fighting
   557 | D:1      | Reached XP level 3. HP: 33/33 MP: 3/3
   921 | D:2      | Reached XP level 4. HP: 41/41 MP: 4/4
  1130 | D:2      | Noticed Terence
  1140 | D:2      | Killed Terence
  1356 | D:2      | Noticed Jessica
  1361 | D:2      | Killed Jessica
  1362 | D:2      | Reached skill level 5 in Fighting
  1362 | D:2      | Reached XP level 5. HP: 38/48 MP: 5/5
  1856 | D:2      | Found a runed translucent door.
  1857 | D:2      | Noticed Crazy Yiuf
  1863 | D:2      | Killed Crazy Yiuf
  1976 | D:3      | Found a transporter.
  1989 | D:3      | Found a transporter.
  2130 | D:3      | Reached XP level 6. HP: 57/57 MP: 6/6
  2210 | D:3      | Noticed Ijyb
  2226 | D:3      | Killed Ijyb
  2239 | D:3      | Found a faded altar of an unknown god.
  2247 | D:3      | Prayed at the altar of an unknown god.
  2247 | D:3      | Became a worshipper of Xom of Many Doors
  2392 | D:3      | XOM: divination: detect creatures
  2577 | D:3      | Identified the +9 flail of Mana {heavy, rF+ Str-2 Stlth+}
  2866 | D:4      | Found a staircase to the Ecumenical Temple.
  2880 | D:4      | XOM: god gift: 35 gold pieces
  2950 | Temple   | Entered the Ecumenical Temple
  3017 | Temple   | XOM: 5-stop teleportation journey
  3105 | D:4      | Noticed Eustachio
  3114 | D:4      | Killed Eustachio
  3115 | D:4      | Reached skill level 6 in Fighting
  3115 | D:4      | Reached skill level 5 in Maces & Flails
  3147 | D:4      | Reached XP level 7. HP: 60/64 MP: 7/7
  3326 | D:4      | Found an ornate altar of the Wu Jian Council.
  3584 | D:4      | Noticed Robin
  3599 | D:4      | Killed Robin
  3693 | D:5      | Entered Level 5 of the Dungeon
  3698 | D:5      | XOM: god gift: 34 gold pieces
  3749 | D:5      | XOM: give mutation
  3749 | D:5      | Gained mutation: You are somewhat resistant to further
                  | mutation. [Xom's mischief]
  3765 | D:5      | XOM: snakes to sticks
  3782 | D:5      | Reached skill level 7 in Fighting
  3782 | D:5      | Reached skill level 5 in Shields
  3839 | D:5      | XOM: summons friendly crimson imp
  3856 | D:5      | Noticed Edmund
  3865 | D:5      | Killed Edmund
  3919 | D:5      | XOM: scenery: 1 doors open, 1 doors close
  4117 | D:5      | Reached XP level 8. HP: 73/73 MP: 8/8
  4131 | D:5      | Identified the +2 cloak of the Devil {Rampage rElec rC-}
                  | (Xom gifted it to you on level 5 of the Dungeon)
  4131 | D:5      | XOM: god gift: +2 cloak of the Devil {Rampage rElec rC-}
  4143 | D:5      | XOM: scenery: create altars
  4583 | D:5      | XOM: give mutations
  4583 | D:5      | Gained mutation: You are strong-willed. (Will+) [Xom's
                  | grace]
  4583 | D:5      | Gained mutation: You are resistant to electric shocks.
                  | (rElec) [Xom's grace]
  4583 | D:5      | Gained mutation: You are partially covered in iridescent
                  | scales. (AC +2) [Xom's grace]
  4583 | D:5      | Gained mutation: You are robust. (+10% HP) [Xom's grace]
  4649 | D:5      | XOM: give mutations
  4649 | D:5      | Gained mutation: You are covered in fur. (AC +1) [Xom's
                  | mischief]
  4649 | D:5      | Lost mutation: You are strong-willed. (Will+) [Xom's
                  | mischief]
  4649 | D:5      | Lost mutation: You are robust. (+10% HP) [Xom's mischief]
  4649 | D:5      | Gained mutation: You are dopey. (Int -2) [Xom's mischief]
  4742 | D:6      | Noticed Prince Ribbit
  4742 | D:6      | XOM: 2-stop teleportation journey
  4757 | D:6      | Found a glowing silver altar of Zin.
  4759 | D:6      | Found a shadowy altar of Dithmenos.
  4763 | D:6      | XOM is BORED!
  4763 | D:6      | XOM: repel stairs
  4768 | D:6      | XOM: potion effect (experience)
  4768 | D:6      | Reached skill level 10 in Dodging
  4768 | D:6      | Reached XP level 9. HP: 30/81 MP: 9/9
  4774 | D:6      | Killed Prince Ribbit
  4775 | D:6      | Reached skill level 8 in Fighting
  5028 | D:6      | Found a blossoming altar of Fedhas.
  5083 | D:6      | XOM: divination: detect creatures
  5125 | D:6      | XOM: noise
  5131 | D:6      | Noticed Sigmund
  5134 | D:6      | XOM: divination: magic mapping
  5137 | D:6      | Killed Sigmund
  5161 | D:6      | XOM: divination: detect creatures
  5378 | D:6      | XOM: smoke on damage
  5865 | D:6      | XOM: give mutations
  5865 | D:6      | Gained mutation: You are partially covered in large bone
                  | plates. (SH +4) [Xom's grace]
  5865 | D:6      | Gained mutation: You have a pair of small antennae on your
                  | head. [Xom's grace]
  5865 | D:6      | Gained mutation: Your flesh is cold resistant. (rC+) [Xom's
                  | grace]
  6117 | D:7      | XOM: 1-stop teleportation journey
  6245 | D:7      | XOM: divination: magic mapping
  6374 | D:7      | XOM is BORED!
  6374 | D:7      | XOM: give mutations
  6374 | D:7      | Gained mutation: You possess an exceptional clarity of
                  | mind. [Xom's mischief]
  6374 | D:7      | Lost mutation: You are dopey. (Int -2) [Xom's mischief]
  6374 | D:7      | Lost mutation: You are somewhat resistant to further
                  | mutation. [Xom's mischief]
  6374 | D:7      | Lost mutation: You are partially covered in iridescent
                  | scales. (AC +2) [Xom's mischief]
  6612 | D:8      | XOM: noise
  6628 | D:8      | Noticed Joseph
  6639 | D:8      | Killed Joseph
  6640 | D:8      | Reached skill level 9 in Fighting
  6640 | D:8      | Reached XP level 10. HP: 51/91 MP: 10/10
  6652 | D:8      | XOM: 1-stop teleportation journey
  6787 | D:8      | Noticed Maurice
  6787 | D:8      | XOM: 1-stop teleportation journey
  6838 | D:8      | Killed Maurice
  6923 | D:8      | XOM: noise
  7032 | D:8      | Noticed Grum
  7039 | D:8      | Killed Grum
  7168 | D:8      | XOM: summons 2 hostile shadow creatures
  7376 | D:8      | XOM: summons 2 hostile shadow creatures
  7450 | D:8      | XOM: give mutation
  7450 | D:8      | Gained mutation: Your flesh is heat resistant. (rF+) [Xom's
                  | mischief]
  7621 | D:9      | Noticed a two-headed ogre
  7631 | D:9      | Killed a two-headed ogre
  7632 | D:9      | Reached skill level 10 in Fighting
  7641 | D:9      | Noticed a two-headed ogre
  7644 | D:9      | XOM: chaos cloud
  7738 | D:9      | XOM: give mutations
  7738 | D:9      | Gained mutation: Your spells are a little harder to cast,
                  | but a little more powerful. [Xom's mischief]
  7738 | D:9      | Gained mutation: You have a somewhat thin skeletal
                  | structure. (Dex +2, Stealth+) [Xom's mischief]
  7842 | D:9      | XOM: give mutation
  7842 | D:9      | Lost mutation: Your flesh is cold resistant. (rC+) [Xom's
                  | mischief]
  7903 | D:9      | Killed a two-headed ogre
  8010 | D:9      | Reached XP level 11. HP: 101/101 MP: 11/11
  8010 | D:9      | XOM: noise
  8011 | D:9      | XOM: chaos upgrade
  8037 | D:9      | XOM: silly message
  8042 | D:9      | Reached skill level 11 in Fighting
  8199 | D:9      | XOM: 2-stop teleportation journey
  8388 | D:9      | XOM: give mutations
  8388 | D:9      | Gained mutation: You are occasionally teleported next to
                  | monsters. [Xom's mischief]
  8388 | D:9      | Lost mutation: You have a somewhat thin skeletal structure.
                  | (Dex +2, Stealth+) [Xom's mischief]
  8388 | D:9      | Lost mutation: You are partially covered in large bone
                  | plates. (SH +4) [Xom's mischief]
  8388 | D:9      | Lost mutation: You are occasionally teleported next to
                  | monsters. [Xom's mischief]
  8445 | D:10     | Entered Level 10 of the Dungeon
  8601 | D:10     | Found a shimmering altar of Xom.
  8651 | D:10     | Reached skill level 10 in Maces & Flails
  8776 | D:10     | XOM: scenery: 1 doors close
  8822 | D:10     | XOM: silly message
  8896 | D:10     | XOM: silly message
  8967 | D:10     | XOM: 7-stop teleportation journey
  9060 | D:10     | Noticed a centaur warrior
  9067 | D:10     | Killed a centaur warrior
  9189 | D:10     | Noticed a centaur warrior
  9195 | D:10     | Killed a centaur warrior
  9196 | D:10     | Reached skill level 12 in Fighting
  9446 | D:10     | Found a staircase to the Lair.
  9481 | D:10     | XOM: noise
  9698 | D:10     | XOM: god gift: staff of fire
  9743 | D:10     | XOM: god gift: broad axe {god gift}
  9823 | D:11     | XOM: god gift: wand of charming (6)
  9841 | D:11     | Noticed a manticore
  9844 | D:11     | Killed a manticore
  9958 | D:11     | Noticed a centaur warrior
  9973 | D:11     | XOM: silly message
  9981 | D:11     | Killed a centaur warrior
  9982 | D:11     | Reached XP level 12. HP: 28/113 MP: 12/12
 10396 | D:11     | XOM: divination: detect items
 10653 | Lair:1   | Entered Level 1 of the Lair of Beasts
 10740 | Lair:1   | XOM: silly message
 10988 | Lair:1   | XOM: silly message
 11030 | Lair:1   | Reached skill level 13 in Fighting
 11155 | Lair:1   | XOM: divination: detect creatures
 11180 | Lair:1   | XOM: divination: detect items
 11260 | Lair:1   | XOM: summons 7 hostile demons
 11275 | Lair:1   | XOM: 3-stop teleportation journey
 11468 | Lair:1   | XOM: 4-stop teleportation journey
 11474 | Lair:1   | XOM: 2-stop teleportation journey
 11659 | Lair:1   | XOM: summons 1 hostile shadow creature
 11706 | Lair:1   | Noticed a death yak
 11706 | Lair:1   | Noticed a death yak
 11707 | Lair:1   | Noticed a death yak
 11707 | Lair:1   | Noticed a death yak
 11707 | Lair:1   | Noticed a death yak
 11711 | Lair:1   | XOM: cast spell 'Dispersal'
 11722 | Lair:1   | XOM: enchant monster (good)
 11724 | Lair:1   | XOM: blink monster(s)
 11725 | Lair:1   | Killed a death yak
 11728 | Lair:1   | Killed a death yak
 11735 | Lair:1   | Killed a death yak
 11739 | Lair:1   | XOM: snakes to sticks
 11757 | Lair:1   | XOM: enchant monster (bad)
 12160 | Lair:1   | Killed a death yak
 12167 | Lair:1   | Killed a death yak
 12372 | Lair:1   | XOM: silly message
 12440 | Lair:1   | XOM: silly message
 12508 | Lair:2   | Reached skill level 14 in Fighting
 12534 | Lair:2   | Identified the +2 ring mail of the Stag {rElec Dex+4 SInv}
 12542 | Lair:2   | XOM: silly message
 12562 | Lair:2   | XOM: silly message
 12962 | Lair:3   | XOM: divination: detect items
 12987 | Lair:3   | XOM: divination: magic mapping
 13042 | Lair:3   | Reached XP level 13. HP: 124/124 MP: 13/13
 13377 | Lair:3   | XOM: stat loss: -1 Str (21/22)
 13528 | Lair:3   | XOM is BORED!
 13528 | Lair:3   | XOM: give mutations
 13528 | Lair:3   | Gained mutation: You have hidden genetic potential. [Xom's
                  | mischief]
 13528 | Lair:3   | Gained mutation: Armour fits poorly on your strangely
                  | shaped body. [Xom's mischief]
 13528 | Lair:3   | Gained mutation: You have sharp toenails. [Xom's mischief]
 13528 | Lair:3   | Lost mutation: You have a pair of small antennae on your
                  | head. [Xom's mischief]
 13545 | Lair:3   | Found a hole to the Spider Nest.
 13548 | Lair:3   | XOM: swap monsters
 13569 | Lair:3   | XOM: enchant monster (bad)
 13569 | Lair:3   | HP: 5/125 [redback (12)]
 13573 | Lair:3   | HP: 1/125 [redback (3)]
 13574 | Lair:3   | Lost mutation: You have sharp toenails. [potion of
                  | mutation]
 13574 | Lair:3   | Lost mutation: Your spells are a little harder to cast, but
                  | a little more powerful. [potion of mutation]
 13574 | Lair:3   | Gained mutation: You are clumsy. (Dex -2) [potion of
                  | mutation]
 13574 | Lair:3   | Gained mutation: You have great hidden genetic potential.
                  | [potion of mutation]
 13574 | Lair:3   | Gained mutation: You are dopey. (Int -2) [potion of
                  | mutation]
 13574 | Lair:3   | Mangled by a redback

Illustrated notes

Levels and vault maps discovered:
D:1:      amcnicky_arrival_gap_in_the_tavern_cellar, layout_loops_ring,
          minmay_unequal
D:2:      layout_loops_ring, minmay_indecisive_spiral, uniq_jessica,
          uniq_crazy_yiuf_cottage, uniq_terence
D:3:      gammafunk_steamed_eel, layout_basic,
          hellmonk_ecumenical_altar_leap_of_faith, uniq_ijyb
D:4:      layout_loops_ring, mainiacjoe_overflow_tiny_flanked,
          minmay_temple_entry_enclosed_plants, kennysheep_nondescript,
          minmay_pentomino_pile, uniq_robin, uniq_eustachio
D:5:      layout_basic, minmay_misc_feat_columns, uniq_edmund
D:6:      layout_loops_ring, mainiacjoe_overflow_catwalk_spiral, fedhas_altar_2,
          glass_columns_a, uniq_sigmund, uniq_prince_ribbit1
D:7:      layout_loops_cross
D:8:      layout_loops_ring, minmay_splitting_lines, uniq_grum, uniq_maurice,
          uniq_joseph
D:9:      layout_rooms
D:10:     layout_roguey, mainiacjoe_overflow_concentric_impassable,
          lair_entry_dummy, minmay_three_doors
D:11:     layout_roguey
Temple:   minmay_temple_bridge_d
Lair:1:   layout_chaotic_city, grunt_megastairs_2
Lair:2:   layout_big_grid, st_stairs_7, chequers_serial_rivers_room_b,
          minmay_holes
Lair:3:   layout_hall_layers, nicolae_swamp_entry_splash_gauntlet,
          nicolae_spider_entry_tight_spaces

Skill      XL: |  1  2  3  4  5  6  7  8  9 10 11 12 13 |
---------------+----------------------------------------+-----
Fighting       | 4 5 6 7 9 10 12 14 | 14.6
Maces & Flails | 3 4 5 6 7 9 11 12 13 | 13.1
Shields        | 4 5 6 7 8 9 |  9.9
Dodging        | 10 | 10.4
Armour         | |  3.2

Action                     |  1- 3 |  4- 6 |  7- 9 | 10-12 | 13-15 || total
---------------------------+-------+-------+-------+-------+-------++-------
  Melee: Flail             |   104 |   181 |   145 |   437 |    62 ||   929
  Throw: Dart              |       |     7 |     2 |       |       ||     9
         Javelin           |       |       |     1 |       |       ||     1
    Use: Scroll            |       |       |       |     6 |     2 ||     8
         Potion            |       |       |       |     8 |     7 ||    15
   Stab: Confused          |       |       |       |     1 |       ||     1
 Armour: Scale mail        |    60 |    93 |    58 |       |       ||   211
         Plate armour      |       |       |    29 |   341 |    58 ||   428
  Dodge: Dodged            |    54 |    71 |    53 |   174 |    39 ||   391
  Block: Buckler           |    19 |    38 |    62 |   189 |    31 ||   339

Table legend: (Time is in decaauts)
 A = Elapsed time spent in this place.
 B = Non-inter-level travel time spent in this place.
 C = Inter-level travel time spent in this place.
 D = Time resting spent in this place.
 E = Time spent auto-exploring this place.
 F = Levels seen in this place.
 G = Mean time per level.
                   A        B        C        D        E       F      G
               +--------+--------+--------+--------+--------+-----+--------+
         Total |  13935 |  13510 |    425 |    117 |   9936 |  15 |  929.0 |
       Dungeon |  10850 |  10522 |    328 |    100 |   7702 |  11 |  986.4 |
        Temple |    121 |     68 |     53 |      0 |     60 |   1 |  121.0 |
          Lair |   2963 |   2919 |     44 |     17 |   2174 |   3 |  987.7 |
               +--------+--------+--------+--------+--------+-----+--------+

Top non-repeatable levels by time:
  Lair:1: 1875 daAuts
    D:10: 1427 daAuts
     D:6: 1198 daAuts
     D:2: 1144 daAuts
     D:5: 1064 daAuts
     D:8: 1060 daAuts
     D:4: 888 daAuts
     D:9: 872 daAuts
     D:1: 867 daAuts
    D:11: 848 daAuts
     D:3: 774 daAuts
  Lair:3: 753 daAuts
     D:7: 704 daAuts
  Lair:2: 334 daAuts
  Temple: 121 daAuts
